Map: Ever Dream LE

Players

SacredCocos

  • Race: Zerg Zerg
  • Spawn Location: 1:00

Jonathas - Winner!

  • Race: Zerg Zerg
  • League: Diamond
  • Spawn Location: 7:00

VOD

Have the link to the VOD?

Description

Time

  • Played on: July 10, 2020, 2:05 a.m.
  • Length: 8:28
Show
View Real Time Build Order
Export as new Build Order

SacredCocos Zerg 

Build Orders: Hatch First 

Get SALT Encoding   

  12  0:01  Drone  
  13  0:18  Overlord  
  13  0:22  Drone  
  14  0:37  Drone x2  
  16  0:56  Hatchery  
  15  1:00  Drone  
  15  1:03  Drone  
  17  1:05  Drone  
  18  1:22  Spawning Pool  
  18  1:23  Extractor  
  16  1:25  Drone  
  16  1:28  Drone  
  18  1:34  Drone  
  19  2:11  Zergling x6  
  19  2:12  Queen x2, Zergling x2  
  27  2:19  Overlord  
  27  2:25  Metabolic Boost  
  27  2:26  Drone  
  28  2:38  Drone x2  
  28  2:42  Drone  
  32  2:44  Drone  
  32  2:49  Baneling Nest  
  31  2:55  Drone x2  
  33  3:02  Overlord  
  33  3:05  Drone  
  34  3:13  Drone  
  34  3:19  Hatchery  
  34  3:21  Drone x3  
  38  3:28  Zergling x10  
  38  3:32  Baneling  
  38  3:33  Baneling x2  
  43  3:36  Overlord  
  43  3:42  Drone  
  44  3:54  Queen  
  46  4:00  Drone x6  
  51  4:07  Overlord  
  51  4:08  Overlord  
  51  4:11  Hatchery  
  49  4:21  Drone x4  
  52  4:30  Extractor  
  52  4:31  Roach Warren, Evolution Chamber  
  48  4:39  Drone x2  
  48  4:40  Drone  
  48  4:43  Extractor  
  50  4:50  Drone x2  
  50  4:51  Drone  
  52  4:59  Lair  
  52  5:02  Zerg Missile Weapons Level 1  
  52  5:03  Drone x7  
  52  5:04  Drone  
  60  5:11  Roach x2  
  64  5:17  Drone  
  64  5:19  Roach  
  67  5:24  Roach  
  67  5:25  Roach  
  71  5:32  Roach  
  71  5:34  Overlord x3  
  71  5:35  Extractor  
  72  5:47  Roach  
  74  5:53  Overlord  
  74  5:54  Drone x4  
  74  5:56  Roach x3  
  74  5:57  Roach x2  
  88  6:00  Roach x2  
  92  6:06  Zergling x8  
  92  6:07  Zergling x4  
  98  6:17  Roach x3  
  97  6:26  Drone x5  
  97  6:28  Extractor  
  97  6:32  Extractor  
  100  6:33  Roach x2  
  100  6:36  Drone  
  105  6:42  Hatchery  
  105  6:47  Overlord x3  
  104  7:00  Queen  
  106  7:04  Roach  
  106  7:06  Roach x8  
  106  7:07  Roach x3  
  120  7:12  Roach  
  108  7:18  Roach x2  
  108  7:22  Roach  
  98  7:26  Roach  
  98  7:28  Roach  
  98  7:29  Roach  
  94  7:32  Roach x3  
  94  7:37  Roach x2  
  94  7:42  Drone x2  
  94  7:44  Roach  
  88  7:53  Roach x3  
  88  7:57  Roach x2  
  76  8:06  Roach x3  
  76  8:08  Drone x2  
Show
View Real Time Build Order
Export as new Build Order

Jonathas Zerg - Winner!

Build Orders: Pool First 

Get SALT Encoding   

  12  0:01  Drone  
  13  0:12  Overlord  
  13  0:16  Drone  
  15  0:35  Drone  
  15  0:39  Spawning Pool  
  15  0:40  Drone  
  15  0:44  Drone  
  16  0:51  Extractor, Drone  
  16  1:12  Hatchery  
  16  1:17  Drone  
  16  1:20  Drone  
  17  1:26  Zergling x2  
  18  1:34  Queen  
  20  1:41  Zergling x2  
  20  1:46  Overlord  
  21  1:52  Drone  
  22  1:58  Metabolic Boost  
  22  2:05  Spine Crawler  
  21  2:09  Drone  
  22  2:17  Drone  
  24  2:23  Queen  
  24  2:26  Queen  
  28  2:32  Drone x2  
  30  2:39  Spine Crawler  
  29  2:49  Zergling x6  
  29  2:50  Zergling x2  
  33  2:53  Drone  
  34  2:59  Overlord  
  34  3:03  Drone x2  
  36  3:12  Overlord  
  36  3:13  Overlord  
  36  3:27  Roach Warren  
  35  3:31  Drone x2  
  35  3:32  Drone, Evolution Chamber  
  37  3:40  Drone x2, Evolution Chamber  
  38  3:46  Drone x2  
  40  3:51  Extractor  
  40  3:52  Drone x2  
  41  4:01  Drone x3  
  40  4:09  Roach x3  
  46  4:16  Lair  
  45  4:25  Drone x2  
  45  4:26  Extractor, Drone x2  
  45  4:27  Drone  
  49  4:34  Drone x3  
  49  4:36  Drone  
  49  4:37  Drone  
  54  4:41  Zerg Missile Weapons Level 1  
  54  4:49  Overlord, Drone  
  54  4:53  Overlord  
  54  5:01  Roach  
  54  5:02  Roach x2  
  60  5:07  Roach x3  
  60  5:09  Roach  
  68  5:17  Glial Reconstitution  
  70  5:21  Overlord x2, Roach  
  70  5:26  Roach  
  72  5:29  Roach  
  72  5:30  Extractor, Roach  
  72  5:35  Overlord  
  75  5:39  Overlord  
  75  5:44  Drone x3  
  78  5:50  Drone  
  78  5:52  Roach  
  78  5:53  Nydus Network, Overlord  
  80  5:57  Roach  
  80  6:02  Roach  
  80  6:03  Roach x2  
  88  6:08  Roach x2  
  88  6:11  Overlord  
  90  6:24  Roach x2  
  90  6:25  Roach x2  
  96  6:33  Roach x2  
  96  6:36  Overlord x2, Nydus Canal  
  96  6:39  Overseer  
  100  6:42  Roach  
  102  6:48  Ravager  
  102  6:49  Drone  
  102  6:50  Drone x2  
  106  6:55  Roach x2  
  106  6:56  Ravager  
  106  6:58  Roach  
  113  7:08  Roach  
  107  7:12  Roach  
  107  7:13  Roach x2  
  107  7:14  Roach  
  107  7:17  Hatchery  
  107  7:20  Roach  
  104  7:24  Ravager  
  104  7:27  Ravager  
  104  7:28  Roach  
  108  7:35  Roach x3  
  103  7:42  Roach x3  
  105  7:48  Nydus Canal  
  105  7:49  Roach x2  
  105  7:50  Queen  
  105  7:54  Roach  
  105  7:56  Roach  
  103  8:01  Roach x3  
Tags
 
League
Diamond
Matchup
ZvZ
Race
Zerg
Spawn Locations
Cross Positions
Add a new tag
Caveats
  • Supply blocks, unpowered buildings, or Contaminate may cause inaccurate times.
  • Supply counts are checked every 10 seconds.